 Dungeon Crawl Stone Soup version 0.31.0-32-g396128a36d (webtiles) character file.

Game seed: 9637560458198985544

72 Henri the Ruffian (level 4, 0/43 HPs)
             Began as an Octopode Shapeshifter on Apr 10, 2024.
             Succumbed to a kobold's poison
             ... on level 3 of the Dungeon.
             The game lasted 00:02:34 (1816 turns).

Henri the Ruffian (Octopode Shapeshifter)           Turns: 1816, Time: 00:02:34

Health: 0/43       AC: 22    Str: 15    XL:     4   Next: 26%
Magic:  4/4        EV:  2    Int: 12    God:
Gold:   80         SH:  0    Dex: 11    Spells: 3/3 levels left

rFire   . .          .
                       - Unarmed
rCold   . . .        (no shield)
rNeg    . . .        (helmet currently unavailable)
rPois   +            (no amulet)
rElec   .            (no ring)
rCorr   .            (no ring)
SInv    .            (no ring)
Will    .....        (no ring)
Stlth   +            (no ring)
HPRegen 0.27/turn    (no ring)
MPRegen 0.09/turn    (no ring)
                     (no ring)

%: no passive effects
@: mighty, lethally poisoned (0 -> -26), tree-form
A: stationary, stasis, torment immunity, boosted hp, almost no armour,
(amphibious), 8 rings, (camouflage 1), (gelatinous body 1), (nimble swimmer 1),
(tentacles)
a: no special abilities


You were on level 3 of the Dungeon.
You were a tree.
You visited 1 branch of the dungeon, and saw 3 of its levels.

You collected 80 gold pieces.

Inventory:

Talismans
 b - a beast talisman
 c - a flux talisman
Scrolls
 d - a scroll of torment {unknown}
 e - a scroll of teleportation
 g - a scroll of revelation {unknown}
 h - a scroll of amnesia {unknown}
 i - a scroll of identify {unknown}


   Skills:
 + Level 2.1 Fighting
 - Level 2.0 Dodging
 * Level 4.0 Unarmed Combat
 - Level 3.5 Shapeshifting


You had 3 spell levels left.
You didn't know any spells.
Your spell library contained the following spells:

 Spells                   Type           Power      Damage    Failure   Level
 Apportation              Tloc           0%         N/A       32%         1
 Necrotise                Necr           0%         1d4       32%         1
 Sting                    Conj/Alch      0%         1d3       32%         1
 Summon Small Mammal      Summ           0%         N/A       32%         1
 Summon Lightning Spire   Summ/Air       0%         N/A       97%         4
 Lee's Rapid Deconstruct  Erth           0%         3d4*      100%        5
 Animate Armour           Summ/Erth      Unusable   N/A       N/A         4

Dungeon Overview and Level Annotations

Branches:
Dungeon (3/15)

Altars:


Innate Abilities, Weirdness & Mutations

You are a tree.
Your roots penetrate the ground, keeping you stationary.
You cannot be teleported.
You are immune to unholy pain and torment.
Your maximum health is greatly increased.
You cannot wear most types of armour.
((You are amphibious.))
You can wear up to eight rings at the same time.
((Your skin changes colour to match your surroundings (Stealth+).))
((Your rubbery body absorbs attacks. (AC +1, EV +1)))
((You are camouflaged when in or above water. (Stealth+)))
((You have tentacles for arms and can constrict up to eight enemies at once.))


Message History

The bat hits you but does no damage.
You tentacle-slap the adder.
You squeeze the adder, but do no damage.
The adder is almost dead.
You constrict the adder.
You kill the adder!
The bat misses you.
Your Unarmed Combat skill increases to level 4!
There is a large open door here.
You tentacle-slap the bat.
You kill the bat!
Found a book of Cantrips.
You now have 80 gold pieces (gained 7).
You pick up a book of Cantrips and begin reading...
You add the spells Sting, Necrotise, Summon Small Mammal and Apportation to your library.
Found a ring mail.
A kobold comes into view.
It is wielding a +1 short sword of venom.
There is a large open door here.
A kobold is nearby!
The kobold shouts!
The kobold hits you with a +1 short sword of venom.
You are poisoned.
You barely miss the kobold. Your grab misses the kobold.
You feel very sick.
The kobold hits you with a +1 short sword of venom.
You are more poisoned.
You miss the kobold. Your grab misses the kobold.
You feel very sick.
The kobold hits you with a +1 short sword of venom.
You are more poisoned.
It was a potion of might.
You feel very mighty all of a sudden.
* * * LOW HITPOINT WARNING * * *
You feel very sick.
The kobold hits you with a +1 short sword of venom.
* * * LOW HITPOINT WARNING * * *
You are more poisoned.
Your transformation has ended.
You turn into a tree.
Your roots penetrate the ground.
You die...

.## ... #.# #.#####
#.... #K.## #♣.#
####''####
##§§≈..≈≈≈##
##§≈§≈.§§§§§## ...
##§§§§≈§.≈§≈≈≈##
#.###≈§≈≈≈§..≈§§≈§≈#
#.##≈≈≈≈§§≈..§§≈≈§≈≈#
#.#≈≈§§§≈§≈..§≈§§≈≈≈§
#.#≈§≈≈§≈≈≈..≈≈§≈≈≈≈≈


You could see a kobold.

Vanquished Creatures
  2 adders
  A ribbon worm (D:2)
  4 dart slugs
  An orc (D:3)
  5 endoplasms
  A giant cockroach (D:1)
  2 goblins (D:2)
  3 hobgoblins
  10 kobolds
  2 quokkas
  A ball python (D:1)
  5 bats
  3 frilled lizards
  A rat (D:3)
41 creatures vanquished.

Notes
Turn   | Place    | Note
-------+----------+-------------------------------------------
     0 | D:1      | Henri the Octopode Shapeshifter began the quest for the
                  | Orb.
     0 | D:1      | Reached XP level 1. HP: 13/13 MP: 1/1
   145 | D:1      | Reached XP level 2. HP: 18/18 MP: 2/2
   800 | D:2      | Reached XP level 3. HP: 23/23 MP: 3/3
  1664 | D:3      | Reached XP level 4. HP: 29/29 MP: 4/4
  1786 | D:3      | Reached skill level 4 in Unarmed Combat
  1816 | D:3      | Succumbed to a kobold's poison

Illustrated notes

Levels and vault maps discovered:
D:1:      spicycebolla_arrival_clurvy, layout_loops_ring, serial_rivers,
          chequers_serial_rivers_room_b, chequers_serial_rivers_small_3,
          chequers_serial_rivers_micro_e, chequers_serial_rivers_micro_c,
          chequers_serial_rivers_micro_a, chequers_serial_rivers_micro_e
D:2:      minmay_kobold_bridge, layout_loops_ring
D:3:      kennysheep_big_flooded_room, layout_loops_ring,
          grunt_temple_overflow_order_and_chaos_1

Skill      XL: |  1  2  3  4 |
---------------+-------------+-----
Fighting       | 2 |  2.1
Unarmed Combat | 4 |  4.0
Dodging        | |  2.0
Shapeshifting  | |  3.5

Action                     |  1- 3 |  4- 6 || total
---------------------------+-------+-------++-------
  Melee: Unarmed           |    60 |    10 ||    70
         Tentacles         |    16 |     2 ||    18
         Constrict         |    14 |     1 ||    15
         Punch             |     2 |       ||     2
    Use: Scroll            |     1 |       ||     1
         Potion            |       |     2 ||     2
   Stab: Sleeping          |     7 |       ||     7
 Armour: Skin              |    25 |     7 ||    32
  Dodge: Dodged            |    26 |     4 ||    30
